 Dungeon Crawl Stone Soup version 0.28.0-47-ge53b351184 (webtiles) character file.

Game seed: 4207935691570378498

558 Lambsauce the Chopper (level 7, 0/54 (61) HPs)
             Began as a Minotaur Fighter on Apr 28, 2022.
             Slain by a wight
             ... wielding a +4 battleaxe
              (3 damage)
             ... on level 4 of the Dungeon.
             The game lasted 00:10:17 (2642 turns).

Lambsauce the Chopper (Minotaur Fighter)            Turns: 2642, Time: 00:10:18

HP:   0/54 (61)     AC: 11    Str: 22    XL:     7   Next: 9%
MP:   15/15         EV: 10    Int:  5    God:
Gold: 105           SH:  4    Dex: 10    Spells: 6/6 levels left

rFire   . . .      SeeInvis .   a - +1 war axe (venom)
rCold   . . .      Faith    .   c - +0 buckler
rNeg    . . .      Spirit   .   b - +1 scale mail
rPois   +          Reflect  .   (helmet restricted)
rElec   .          Harm     .   g - +2 cloak "Irehal" {+Inv rPois MP+9 Stlth-}
rCorr   .          Rampage  .   (no gloves)
Will    .....                   (no boots)
Stlth   ..........              (no amulet)
HPRegen 0.18/turn               (no ring)
MPRegen 0.14/turn               (no ring)

@: heavily drained
A: horns 2, retaliatory headbutt
a: Evoke Invisibility


You were on level 4 of the Dungeon.
You visited 1 branch of the dungeon, and saw 4 of its levels.

You collected 105 gold pieces.

Inventory:

Hand Weapons
 a - a +1 war axe of venom (weapon)
Armour
 b - a +1 scale mail (worn)
 c - a +0 buckler (worn)
 e - a scarf of invisibility
 g - the +2 cloak "Irehal" (worn) {+Inv rPois MP+9 Stlth-}
   (You found it on level 3 of the Dungeon)

   rPois:     It protects you from poison.
   MP:        It affects your magic capacity (+9).
   +Inv:      It lets you turn invisible.
   Stlth:     It makes you less stealthy.
Scrolls
 j - a scroll of identify
Potions
 f - a potion of curing {unknown}
 i - 2 potions of cancellation


   Skills:
 + Level 5.1 Fighting
 + Level 6.1 Axes
 + Level 5.9 Armour
 + Level 2.0 Dodging
 + Level 0.1 Stealth
 + Level 4.5 Shields


You had 6 spell levels left.
You didn't know any spells.
Your spell library was empty.

Dungeon Overview and Level Annotations

Branches:
Dungeon (4/15)
 Temple: D:4-7

Altars:
Ashenzari
Fedhas
Nemelex Xobeh
Ru
Vehumet
The Shining One

Annotations:
D:4 Ijyb


Innate Abilities, Weirdness & Mutations

You have a pair of horns on your head.
You reflexively headbutt those who attack you in melee.


Message History

The wight hits you but does no damage.
You hit the wight.
You destroy the wight!
Your life force feels restored.
You hit the wight. You headbutt the wight.
The wight is heavily damaged.
The wight hits you with a +4 battleaxe.
You barely miss the wight. Your headbutt misses the wight.
The wight is heavily damaged.
The wight hits you with a +4 battleaxe!
* * * LOW HITPOINT WARNING * * *
You feel drained.
* * * LOW HITPOINT WARNING * * *
As you read the scroll labelled EHOCUS LOELIEPP, it crumbles to dust.
It is a scroll of enchant armour.
Your +0 scale mail glows green for a moment.
The wight barely misses you. The wight misses you.
You closely miss the wight. You headbutt the wight.
The wight is heavily damaged.
The wight closely misses you.
You completely miss the wight.
The wight is heavily damaged.
The wight misses you.
You closely miss the wight.
The wight is heavily damaged.
The wight hits you with a +4 battleaxe.
* * * LOW HITPOINT WARNING * * *
You feel drained.
* * * LOW HITPOINT WARNING * * *
The wight barely misses you.
Things that are here:
a +0 whip; a +0 leather armour
Things that are here:
a jackal corpse; a jackal corpse
There is an escape hatch in the floor here.
The wight hits you with a +4 battleaxe!
* * * LOW HITPOINT WARNING * * *
You feel drained.
You die...

##.#.## ##.≈.≈#### #.###.####
#.P≈PP≈P). .....#.#.#########
####.P≈PPP≈≈P #..#....#........#
#.....P≈≈♣≈P≈
##.....###..####.####.## #PPP≈≈≈♣
#....## ##.## #.#.....# ##PPP.≈≈
##...## ##.###.#.....#######P≈≈
.).†..## ##...zz.......))))).....
##.#.zz###..####@...)..######..P.
#.#..#.#.#.# #....†..# #.#P≈
#.#..##.##.####.#.###.# ####.≈.≈
#.#.............#.....###≈.≈≈≈≈♣
#.#.######.####.########≈P≈≈≈≈≈♣
..#.# ### #.# #≈)≈♣P≈PP #.#.# #.#
#≈≈.PP.P. #.# #.# #.###.### #.#
#.....#>.


You could see 2 wights.

Vanquished Creatures
  The ghost of issech the Shield-Bearer, an amateur TrFi (D:3)
  A necrophage (D:4)
  2 wights (D:4)
  A hound (D:4)
  An orc priest (D:4)
  An iguana (D:4)
  5 orc wizards
  An adder (D:3)
  A worm (D:3)
  3 dart slugs (D:1)
  13 orcs
  5 ball pythons
  A giant cockroach (D:1)
  8 goblins
  6 hobgoblins
  3 jackals (D:4)
  3 quokkas
  A bat (D:1)
  3 frilled lizards
  9 kobolds
  3 rats
72 creatures vanquished.

Vanquished Creatures (others)
  An orc wizard (D:4)
  37 plants (D:4)
38 creatures vanquished.

Grand Total: 110 creatures vanquished

Notes
Turn   | Place    | Note
-------+----------+-------------------------------------------
     0 | D:1      | Lambsauce the Minotaur Fighter began the quest for the Orb.
     0 | D:1      | Reached XP level 1. HP: 19/19 MP: 0/0
   215 | D:1      | Reached XP level 2. HP: 27/27 MP: 1/1
   540 | D:1      | Found a faded altar of an unknown god.
   837 | D:2      | You fall into a shaft and drop 1 floor!
   837 | D:3      | Found a broken altar of Ashenzari.
   873 | D:3      | Reached XP level 3. HP: 31/33 MP: 2/2
   876 | D:3      | Identified the +2 cloak "Irehal" {+Inv rPois MP+9 Stlth-}
  1019 | D:3      | Found a radiant altar of Vehumet.
  1053 | D:3      | Reached skill level 3 in Axes
  1133 | D:3      | Reached XP level 4. HP: 40/40 MP: 3/3
  1350 | D:3      | Found a blossoming altar of Fedhas.
  1355 | D:3      | Found a sparkling altar of Nemelex Xobeh.
  1390 | D:3      | Found a runed translucent door.
  1494 | D:3      | Found a sacrificial altar of Ru.
  1668 | D:3      | Noticed issech's ghost (amateur TrFi)
  1709 | D:3      | Killed issech's ghost
  1710 | D:3      | Reached skill level 4 in Axes
  1710 | D:3      | Reached XP level 5. HP: 32/47 MP: 4/4
  2082 | D:4      | Found a glowing golden altar of the Shining One.
  2099 | D:4      | Reached skill level 5 in Armour
  2133 | D:4      | Reached skill level 1 in Dodging
  2223 | D:4      | Noticed Ijyb
  2226 | D:4      | Reached XP level 6. HP: 41/55 MP: 5/5
  2230 | D:4      | Reached skill level 5 in Axes
  2533 | D:4      | Reached skill level 5 in Fighting
  2600 | D:4      | Reached skill level 6 in Axes
  2600 | D:4      | Reached XP level 7. HP: 38/60 MP: 6/6
  2642 | D:4      | Slain by a wight

Illustrated notes

Levels and vault maps discovered:
D:1:      eino_arrival_tree_alley, layout_basic,
          dreamdust_ecumenical_altar_statues, minivault_4,
          corexii_leaking_fountain, kennysheep_another_room
D:2:      layout_loops_cross, glass_columns_a
D:3:      layout_loops_ring, mainiacjoe_overflow_big_doors,
          mainiacjoe_overflow_six_doors_small, nicolae_ru_the_path_less_chosen,
          cheibrodos_ashenzari_chains, ebering_ghost_reflecting_pool,
          dk_noncrumbling_4
D:4:      layout_loops_ring, nicolae_tso_carved_into_rock,
          serial_bayou_lagoon_a, corexii_corridor_pit, roderic_serpentine_path,
          serial_park_tiny_pond, uniq_ijyb

Skill      XL: |  1  2  3  4  5  6 |
---------------+-------------------+-----
Armour         | 4 5 |  5.9
Fighting       | 4 5 |  5.1
Shields        | 4 |  4.5
Axes           | 3 4 6 |  6.1
Dodging        | 1 2 |  2.0
Stealth        | |  0.1

Action                   |  1- 3 |  4- 6 |  7- 9 || total
-------------------------+-------+-------+-------++-------
Melee: War axe           |    68 |   109 |     7 ||   184
       Headbutt          |     5 |    17 |     2 ||    24
  Use: Scroll            |     2 |     3 |     1 ||     6
       Potion            |     1 |     3 |       ||     4
Armor: Scale mail        |    29 |    51 |     1 ||    81
Dodge: Dodged            |    31 |    29 |     5 ||    65
Block: Buckler           |    15 |    22 |       ||    37
